 Dungeon Crawl Stone Soup version 0.31.0-11-ge490571c62 (webtiles) character file.

Game seed: 6044072230146032742

159 qw the Skirmisher (level 5, 0/29 HPs)
             Began as a Deep Elf Hunter on Feb 3, 2024.
             Killed from afar by Dowan (6 damage)
             ... with a puff of frost
             ... on level 4 of the Dungeon.
             The game lasted 00:00:08 (2391 turns).

qw the Skirmisher (Deep Elf Hunter)                 Turns: 2391, Time: 00:00:09

Health: 0/29       AC:  5    Str: 10    XL:     5   Next: 17%
Magic:  7/7        EV: 11    Int: 14    God:
Gold:   186        SH:  0    Dex: 18    Spells: 4/4 levels left

rFire   + . .        a - +0 shortbow
rCold   + . .        (shield currently unavailable)
rNeg    . . .        h - +0 ring mail
rPois   .            (no helmet)
rElec   .            (no cloak)
rCorr   .            (no gloves)
SInv    .            (no boots)
Will    .....        (no amulet)
Stlth   +            f - ring of protection from fire
HPRegen 0.24/turn    i - ring of protection from cold
MPRegen 0.10/turn

%: no passive effects
@: no status effects
A: no striking features
a: no special abilities


You were on level 4 of the Dungeon.
You visited 1 branch of the dungeon, and saw 4 of its levels.

You collected 186 gold pieces.


   Skills:
 - Level 1.5 Fighting
 + Level 8.6 Ranged Weapons
 - Level 2.4 Dodging
 - Level 1.2 Stealth


You had 4 spell levels left.
You didn't know any spells.
Your spell library was empty.

Inventory:

Hand Weapons
 a - a +0 shortbow (weapon)
Armour
 h - a +0 ring mail (worn)
Jewellery
 f - a ring of protection from fire (left hand)
 i - a ring of protection from cold (right hand)
Potions
 b - 2 potions of heal wounds
 d - a potion of degeneration {unknown}
 e - a potion of might
 g - a potion of curing

Dungeon Overview and Level Annotations

Branches:
Dungeon (4/15)
 Temple: D:4-7

Altars:
Elyvilon
Trog

Annotations:
D:4 Dowan, Duvessa


Message History

You feel sick.
You shoot an arrow. The arrow barely misses the kobold.
You feel sick.
The kobold hits you with a +0 short sword.
You shoot an arrow. The arrow completely misses the kobold.
You feel sick. The kobold closely misses you.
The kobold hits you but does no damage.
You shoot an arrow. The arrow closely misses the kobold.
You feel sick. The kobold barely misses you.
You shoot an arrow. The arrow closely misses the kobold.
You feel sick. The kobold closely misses you.
You shoot an arrow. The arrow hits the kobold.
You kill the kobold!
You feel sick.
You are no longer poisoned.
You start resting.
HP restored.
Things that are here:
a +0 short sword; 3 poisoned darts; a kobold corpse
Things that are here:
a +0 short sword; 3 poisoned darts; a kobold corpse Duvessa and Dowan come into view.
Dowan shouts!
You shoot an arrow. The arrow barely misses Duvessa.
You shoot an arrow. The arrow hits Duvessa.
Duvessa is lightly wounded.
Duvessa completely misses you.
You shoot an arrow. The arrow hits Duvessa!
Duvessa is heavily wounded.
Duvessa hits you with a +0 short sword!
You shoot an arrow. The arrow hits Duvessa.
Duvessa is heavily wounded.
Duvessa hits you with a +0 short sword.
You shoot an arrow. The arrow hits Duvessa.
Duvessa is severely wounded.
Dowan points at you and mumbles some strange words.
The puff of frost hits you. You resist. Duvessa hits you with a +0 short sword!
Dowan casts a spell at you. The puff of frost hits you. You resist.
You die...

##############
#............###
#.##########...#
#.#......# ###..
#.#......###...#
#########.#........).###
......e.#.#......##.## #
......e.#.#......##.# #
#@#.#......##.# #
#...###.#####.# #
#####...# ###.# ##
#####.#####...###.
#.................
###.#########.#### ###
............
#####.......
............


You could see Duvessa and Dowan.

Vanquished Creatures
  A scorpion (D:3)
  2 adders
  2 dart slugs
  An orc (D:4)
  3 bats
  7 endoplasms
  3 giant cockroaches (D:1)
  7 goblins
  13 hobgoblins
  3 jackals (D:1)
  7 kobolds
  2 quokkas (D:3)
  5 ball pythons
  6 frilled lizards
  3 rats
65 creatures vanquished.

Vanquished Creatures (others)
  An arcanist (D:3)
1 creature vanquished.

Grand Total: 66 creatures vanquished

Notes
Turn   | Place    | Note
-------+----------+-------------------------------------------
     0 | D:1      | qw the Deep Elf Hunter began the quest for the Orb.
     0 | D:1      | Reached XP level 1. HP: 12/12 MP: 3/3
     0 | D:1      | 0 ||| qw: Version: 0.3-a-157-g843a77d
     0 | D:1      | 0 ||| qw: Game counter: 3955
     0 | D:1      | 0 ||| qw: Melee chars always use a shield: true
     0 | D:1      | 0 ||| qw: God list: Okawaru
     0 | D:1      | 0 ||| qw: Allow faded altars: false
     0 | D:1      | 0 ||| qw: Do Orc after clearing Dungeon:15 true
     0 | D:1      | 0 ||| qw: Do second Lair branch before Depths: true
     0 | D:1      | 0 ||| qw: Lair rune preference: random
     0 | D:1      | 0 ||| qw: Goals: Normal
     0 | D:1      | 0 ||| PLANNING D:1-11
   130 | D:1      | Reached XP level 2. HP: 16/16 MP: 4/4
   152 | D:1      | Reached skill level 6 in Ranged Weapons
   461 | D:1      | Reached XP level 3. HP: 20/20 MP: 5/5
   728 | D:1      | 728 ||| UPGRADING to +0 ring mail.
   738 | D:1      | 738 ||| DROPPING +0 leather armour.
   739 | D:1      | 739 ||| UPGRADING to ring of protection from fire.
   740 | D:1      | 740 ||| READING scroll labelled ICUDGH ZEOMA.
   745 | D:1      | 745 ||| DRINKING 2 white potions.
   746 | D:1      | 746 ||| DROPPING scroll of butterflies.
   862 | D:2      | Reached skill level 7 in Ranged Weapons
  1013 | D:2      | Reached XP level 4. HP: 25/25 MP: 6/6
  1249 | D:2      | 1249 ||| READING scroll labelled MIFUOC SYIRO.
  1683 | D:3      | Noticed a scorpion
  1693 | D:3      | Killed a scorpion
  1694 | D:3      | Reached skill level 8 in Ranged Weapons
  1694 | D:3      | Reached XP level 5. HP: 15/29 MP: 7/7
  1828 | D:3      | Found a white marble altar of Elyvilon.
  1976 | D:3      | Found a bloodstained altar of Trog.
  1984 | D:3      | Noticed a wizard
  1988 | D:3      | Killed a wizard
  2195 | D:3      | 2195 ||| DROPPING amulet of magic regeneration.
  2196 | D:3      | 2196 ||| DROPPING ring of magical power.
  2197 | D:3      | 2197 ||| UPGRADING to ring of protection from cold.
  2198 | D:3      | 2198 ||| READING scroll labelled YGIXEOVOUNG.
  2199 | D:3      | 2199 ||| DRINKING 3 inky potions.
  2200 | D:3      | 2200 ||| DRINKING 3 fuming green potions.
  2202 | D:3      | 2202 ||| Stepping ~*~*~tactically~*~*~ (cloud).
  2203 | D:3      | 2203 ||| DRINKING 2 potions of curing.
  2203 | D:3      | 2203 ||| (to cure poison)
  2386 | D:4      | Noticed Duvessa
  2386 | D:4      | Noticed Dowan
  2391 | D:4      | HP: 6/29 [Duvessa/+0 short sword (9)]
  2391 | D:4      | Killed from afar by Dowan

Levels and vault maps discovered:
D:1:      dpeg_arrival_oval, layout_loops_ring
D:2:      layout_basic, chequers_hall_statues_wall_a
D:3:      layout_basic, amcnicky_altar_gilded, trog_wizard
D:4:      layout_rooms, nicolae_dithmenos_shadow_blocks,
          nicolae_overflow_hidden_temple, temple_pool_b,
          serial_co_window_serial, co_window_paths_a,
          co_window_of_opportunity_a, co_window_of_opportunity_a,
          co_window_corner_a, co_window_corner_a, co_window_paths_b,
          co_window_corner_a, co_window_paths_b, co_window_paths_b,
          co_window_paths_c, co_window_corner_cb, co_window_unsneaky_path_d,
          co_window_corner_cb, co_window_corner_cb, co_window_of_opportunity_b,
          co_window_4corner_b, glass_columns_b, glass_columns_b,
          glass_columns_c, glass_columns_b, uniq_robin, uniq_sigmund,
          uniq_duvessa

Skill      XL: |  1  2  3  4 |
---------------+-------------+-----
Ranged Weapons | 6 7 8 |  8.6
Fighting       | |  1.5
Dodging        | |  2.4
Stealth        | |  1.2

Action                     |  1- 3 |  4- 6 || total
---------------------------+-------+-------++-------
   Fire: Shortbow          |   113 |    68 ||   181
    Use: Scroll            |     1 |     2 ||     3
         Potion            |     1 |     3 ||     4
 Armour: Leather armour    |     4 |       ||     4
         Ring mail         |       |    19 ||    19
  Dodge: Dodged            |    11 |    18 ||    29

Table legend:
 A = Non-vault XP
 B = Vault XP
 C = Vault XP percentage of total XP
 D = Non-vault monster count
 E = Vault monster count
 F = Vault count percentage of total count
                 A         B        C        D         E       F
            +---------+---------+-------+---------+---------+-------
      Total |     228 |       0 |   0.0 |      65 |       0 |   0.0
            +---------+---------+-------+---------+---------+-------
        D:1 |      51 |       0 |   0.0 |      27 |       0 |   0.0
        D:2 |      50 |       0 |   0.0 |      22 |       0 |   0.0
        D:3 |     123 |       0 |   0.0 |      14 |       0 |   0.0
        D:4 |       4 |       0 |   0.0 |       2 |       0 |   0.0
            +---------+---------+-------+---------+---------+-------
